 Dungeon Crawl Stone Soup version 0.29.1-12-g30fa7ad0bf (webtiles) character file.

Game seed: 13456536020664070268

2253 hannahiscool the Fighter (level 9, 0/85 HPs)
             Began as a Hill Orc Fighter on Jan 4, 2023.
             Was a Follower of Beogh.
             Slain by a two-headed ogre
             ... wielding a +0 giant club
              (19 damage)
             ... on level 8 of the Dungeon on Jan 5, 2023.
             The game lasted 00:31:51 (6285 turns).

hannahiscool the Fighter (Hill Orc Fighter)         Turns: 6285, Time: 00:31:52

Health: 0/85       AC: 15    Str: 23    XL:     9   Next: 37%
Magic:  9/9        EV:  7    Int:  8    God:    Beogh [*.....]
Gold:   417        SH:  4    Dex: 10    Spells: 8/8 levels left

rFire   . . .      SeeInvis .   a - +4 spear (venom)
rCold   . . .      Faith    .   c - +0 buckler
rNeg    . . .      Spirit   .   l - +0 chain mail
rPois   +          Reflect  .   w - +0 helmet
rElec   .          Harm     .   (no cloak)
rCorr   .          Rampage  .   n - +1 pair of gloves
Will    +....                   r - +0 pair of boots
Stlth   ..........              (no amulet)
HPRegen 0.24/turn               v - ring of willpower
MPRegen 0.11/turn               z - ring of poison resistance

@: no status effects
A: no striking features
a: Renounce Religion


You were on level 8 of the Dungeon.
You worshipped Beogh.
Beogh was aware of your devotion.
You visited 1 branch of the dungeon, and saw 8 of its levels.

You collected 417 gold pieces.

Inventory:

Hand Weapons
 a - a +4 spear of venom (weapon)
 b - a +0 sling
 D - a +0 trident of draining
 E - a +4 vorpal spear
Missiles
 e - 78 stones (quivered)
 f - 6 atropa-tipped darts
 k - 2 throwing nets
 u - 2 curare-tipped darts
Armour
 c - a +0 buckler (worn)
 g - a +0 scale mail
 j - a +0 plate armour
 l - a +0 chain mail (worn)
 n - a +1 pair of gloves (worn)
 r - a +0 pair of boots (worn)
 w - a +0 helmet (worn)
Jewellery
 v - a ring of willpower (left hand)
 z - a ring of poison resistance (right hand)
 B - a ring of wizardry
Scrolls
 h - 3 scrolls of teleportation
 i - a scroll of blinking {unknown}
 y - a scroll of silence {unknown}
 C - a scroll of poison
Potions
 d - 2 potions of might
 m - a potion of cancellation
 o - a potion of brilliance
 p - a potion of haste
 x - 2 potions of flight
 A - a potion of invisibility


   Skills:
 - Level 10.0 Fighting
 - Level 8.0 Polearms
 + Level 7.7 Armour
 - Level 3.2 Shields


You had 8 spell levels left.
You didn't know any spells.
Your spell library contained the following spells:

 Spells                   Type           Power      Damage    Failure   Level
 Blink                    Tloc           0%         N/A       99%         2
 Dazzling Flash           Conj/Hex       0%         N/A       100%        3
 Summon Guardian Golem    Hex/Summ       0%         N/A       100%        3
 Iskenderun's Mystic Bla  Conj/Tloc      0%         2d3       100%        4
 Manifold Assault         Tloc           0%         N/A       100%        5
 Starburst                Conj/Fire      0%         6d3       100%        6
 Orb of Destruction       Conj           0%         9d5       100%        7
 Spellforged Servitor     Conj/Summ      0%         N/A       100%        7
 Storm Form               Tmut/Air       0%         N/A       100%        7


Dungeon Overview and Level Annotations

Branches:
Dungeon (8/15)
 Temple: D:4-7         Lair: D:8-11

Altars:
Elyvilon

Annotations:
D:1 2 runed translucent doors
D:5 Menkaure


Message History

The white imp is moderately wounded.
You hit the white imp but do no damage.
The white imp is moderately wounded.
The white imp misses you.
You hit the white imp.
The white imp is poisoned.
The white imp is severely wounded.
You hit the white imp.
The white imp is almost dead.
You block the white imp's attack.
You hit the white imp.
You kill the white imp!
Beogh accepts your kill.
You hit the two-headed ogre.
The two-headed ogre is poisoned.
The two-headed ogre is lightly wounded.
The two-headed ogre hits you with a +0 giant club!
The two-headed ogre hits you with a +0 giant spiked club!!
You hit the two-headed ogre but do no damage.
The two-headed ogre looks as sick as possible!
The two-headed ogre is lightly wounded.
The two-headed ogre attacks as you move away!
The two-headed ogre hits you with a +0 giant club!!
The two-headed ogre hits you but does no damage.
You are too injured to fight recklessly!
Reach: a) +4 spear (venom)
Press: ? - help, Dir - move target, f - two-headed ogre
Aim: a two-headed ogre, wielding a +0 giant club and a +0 giant spiked club (heavily wounded, very poisoned, about 18% to evade your +4 spear of venom)
You reach to attack!
You hit the two-headed ogre.
The two-headed ogre is heavily wounded.
The two-headed ogre attacks as you move away!
The two-headed ogre barely misses you.
The two-headed ogre hits you with a +0 giant spiked club!!
* * * LOW HITPOINT WARNING * * *
You feel better.
The two-headed ogre hits you with a +0 giant club!
* * * LOW HITPOINT WARNING * * *
The two-headed ogre hits you but does no damage.
You feel better.
The two-headed ogre attacks as you move away!
The two-headed ogre hits you with a +0 giant club!!
You die...

.......#.#
#............
<#'#...#.#
#.#######.#..
.#.#.###.#
#.#### #
.#.#.# #.#
#....# .#.#.#
#.#######.#
.#.#.# #...#
#.# .#.#.#
###.# #.#
.#.#.# #.#
#O# ...#.#
#.#####@#
##.#.#
#.......#
...#.#
#########
####.###
#...# ###!#
#.# #.# #.#


You could see a two-headed ogre (very poisoned).

Vanquished Creatures
  A steam dragon (D:6)
  2 water moccasins (D:6)
  2 sky beasts
  2 ogres
  2 centaurs
  3 bullfrogs
  2 gnoll sergeants
  2 necrophages
  4 wights (D:7)
  2 bullfrog zombies (D:7)
  2 centaur zombies (D:7)
  2 hounds
  3 orc priests
  A gnoll bouda (D:6)
  Jessica (D:2)
  An iguana (D:6)
  2 orc wizards
  A howler monkey zombie (D:7)
  A killer bee simulacrum (D:8)
  8 adders
  13 gnolls
  2 white imps (D:8)
  An ufetubus (D:4)
  A worm (D:3)
  3 dart slugs
  9 orcs
  18 ball pythons
  9 endoplasms
  2 giant cockroaches
  10 goblins
  7 hobgoblins
  6 jackals
  9 kobolds
  6 quokkas
  4 bats
  3 frilled lizards
  8 rats
155 creatures vanquished.

Vanquished Creatures (others)
  2 quokkas
  5 plants (D:3)
  2 withered plants (D:7)
9 creatures vanquished.

Grand Total: 164 creatures vanquished

Notes
Turn   | Place    | Note
-------+----------+-------------------------------------------
     0 | D:1      | hannahiscool the Hill Orc Fighter began the quest for the
                  | Orb.
     0 | D:1      | Reached XP level 1. HP: 19/19 MP: 1/1
    26 | D:1      | Reached skill level 4 in Fighting
   213 | D:1      | Found a large runed translucent door.
   213 | D:1      | Found a large runed translucent door.
   214 | D:1      | Noticed a troll
   216 | D:1      | Reached XP level 2. HP: 27/27 MP: 2/2
   455 | D:1      | Reached XP level 3. HP: 34/35 MP: 3/3
   476 | D:1      | Reached skill level 5 in Fighting
   783 | D:1      | Found a faded altar of an unknown god.
  1327 | D:2      | Reached XP level 4. HP: 40/44 MP: 4/4
  1578 | D:2      | Reached skill level 6 in Fighting
  1937 | D:2      | Noticed Jessica
  1942 | D:2      | Killed Jessica
  1943 | D:2      | Reached XP level 5. HP: 51/51 MP: 5/5
  2169 | D:3      | Reached skill level 7 in Fighting
  2954 | D:4      | Became a worshipper of Beogh the Brigand
  3117 | D:4      | Reached XP level 6. HP: 59/61 MP: 6/6
  3148 | D:4      | Noticed a black bear
  3416 | D:5      | Entered Level 5 of the Dungeon
  3424 | D:5      | Reached skill level 8 in Fighting
  3433 | D:5      | Noticed Menkaure
  3565 | D:5      | Found a white marble altar of Elyvilon.
  3629 | D:5      | Reached skill level 9 in Fighting
  3659 | D:5      | Reached XP level 7. HP: 42/70 MP: 7/7
  4175 | D:6      | Reached skill level 10 in Fighting
  4204 | D:6      | Reached skill level 5 in Polearms
  4204 | D:6      | Reached XP level 8. HP: 43/79 MP: 8/8
  5378 | D:7      | Reached * piety under Beogh
  5480 | D:7      | Reached skill level 5 in Armour
  5486 | D:7      | Reached XP level 9. HP: 50/85 MP: 9/9
  5872 | D:7      | Noticed a hornet
  6263 | D:8      | Noticed a two-headed ogre
  6285 | D:8      | Slain by a two-headed ogre

Illustrated notes

Levels and vault maps discovered:
D:1:      erik_arrival_cave_to_civilisation [erik_arrival_cave_to_temple],
          layout_loops_ring, chequers_ecumenical_altar_simple_redux,
          minmay_tiny_reverse_x
D:2:      layout_rooms, uniq_jessica
D:3:      cheibrodos_old_hovel, layout_rooms, minmay_snake_closets
D:4:      layout_cave_pods
D:5:      minmay_opposing_rooms, layout_basic, elyvilon_altar_4,
          minmay_diced_spiral, uniq_menkaure
D:6:      layout_basic, palyth_stone_intersect
D:7:      layout_gridville, minmay_temple_entry_junction, serial_undead,
          serial_undead_b, serial_undead_f, serial_undead_f, serial_undead_e
D:8:      layout_basic, mainiacjoe_overflow_catwalk, xom_butterflies,
          serial_ice, serial_ice_h, serial_ice_c, serial_ice_l, serial_ice_b,
          nicolae_take_the_stairs

Skill      XL: |  1  2  3  4  5  6  7  8  9 |
---------------+----------------------------+-----
Fighting       | 4 5 6 7 9 10 | 10.0
Polearms       | 5 8 |  8.0
Armour         | 5 7 |  7.7
Shields        | |  3.2

Action                   |  1- 3 |  4- 6 |  7- 9 || total
-------------------------+-------+-------+-------++-------
Melee: Trident           |   114 |   164 |   179 ||   457
       Spear             |       |       |    79 ||    79
 Fire: Sling             |     5 |    78 |    37 ||   120
Invok: Convert to Beogh  |       |     1 |       ||     1
  Use: Scroll            |     5 |    10 |     4 ||    19
       Potion            |       |     1 |     5 ||     6
Armor: Scale mail        |    31 |       |       ||    31
       Chain mail        |    22 |    96 |   149 ||   267
Dodge: Dodged            |    33 |    66 |    78 ||   177
Block: Buckler           |    18 |    38 |    42 ||    98
